 Dungeon Crawl Stone Soup version 0.30-a0-1085-g990a428a5c (webtiles) character file.

Game seed: 1841682561987608213

622 Aneyh the Slasher (level 7, 0/41 HPs)
             Began as a Tengu Monk on Apr 16, 2023.
             Was a Believer of Hepliaklqana.
             Slain by a gnoll
             ... wielding a +0 spear
              (2 damage)
             ... on level 5 of the Dungeon.
             The game lasted 00:03:43 (3653 turns).

Aneyh the Slasher (Tengu Monk)                      Turns: 3653, Time: 00:03:44

Health: 0/41       AC:  3    Str: 13    XL:     7   Next: 46%
Magic:  8/8        EV: 16    Int: 10    God:    Hepliaklqana [**....]
Gold:   169        SH:  0    Dex: 17    Spells: 6/6 levels left

rFire   . . .      SeeInvis .    a - +0 falchion
rCold   . . .      Faith    .    d - orb {light}
rNeg    . . .      Spirit   .    b - +0 robe
rPois   .          Reflect  .    (helmet restricted)
rElec   .          Rampage  .    o - +0 cloak
rCorr   .                        (no gloves)
Will    .....                    (boots unavailable)
Stlth   +                        (no amulet)
HPRegen 0.26/turn                (no ring)
MPRegen 0.11/turn                (no ring)

@: confused, lethally poisoned (0 -> -1), ambrosia-drunk, flying quickly and
evasively, glowing, quick
A: reduced essence, beak, talons 3, nimble flight
a: Renounce Religion, Recall Ancestor, Ancestor Identity


You were on level 5 of the Dungeon.
You worshipped Hepliaklqana.
Hepliaklqana was pleased with you.
You visited 2 branches of the dungeon, and saw 6 of its levels.

You collected 169 gold pieces.

Inventory:

Hand Weapons
 a - a +0 falchion (weapon)
 r - a +2 short sword of venom
 t - a +3 flail of draining
Armour
 b - a +0 robe (worn)
 d - an orb of light (worn)
 o - a +0 cloak (worn)
Magical Staves
 q - a staff of air
Jewellery
 j - a ring of ice
Wands
 l - a wand of mindburst (18)
 p - a wand of acid (6)
Scrolls
 e - a scroll of blinking {unknown}
 g - 6 scrolls of teleportation {unknown}
 i - 8 scrolls of identify {unknown}
 m - 2 scrolls of poison {unknown}
 n - a scroll of vulnerability {unknown}
 v - a scroll of enchant armour {unknown}
Potions
 c - 2 potions of ambrosia
 f - 2 potions of berserk rage {unknown}
 h - a potion of attraction {unknown}
 k - 2 potions of might {unknown}
 s - a potion of heal wounds {unknown}
 u - a potion of haste {unknown}


   Skills:
 * Level 6.0 Fighting
 + Level 7.2 Long Blades
 - Level 3.2 Dodging


You had 6 spell levels left.
You didn't know any spells.
Your spell library contained the following spells:

 Spells                   Type           Power      Damage    Failure   Level
 Freeze                   Ice            0%         1d3       36%         1
 Ensorcelled Hibernation  Hex/Ice        0%         N/A       50%         2
 Scorch                   Fire           0%         2d5       50%         2
 Frozen Ramparts          Ice            0%         1d1       75%         3
 Hailstorm                Conj/Ice       0%         3d3       75%         3
 Spider Form              Tmut/Pois      0%         N/A       75%         3
 Anguish                  Hex/Necr       0%         N/A       98%         4
 Flame Wave               Conj/Fire      0%         2d4       98%         4
 Summon Cactus Giant      Summ           0%         N/A       100%        6


Dungeon Overview and Level Annotations

Branches:
Dungeon (5/15)             Temple (1/1) D:4

Altars:
Ashenzari
Cheibriados
Dithmenos
Elyvilon
Fedhas
Gozag
Hepliaklqana
Kikubaaqudgha
Makhleb
Nemelex Xobeh
Okawaru
Qazlal
Ru
Sif Muna
Trog
Uskayaw
Vehumet
Wu Jian
Xom
Yredelemnul
Zin
The Shining One

Shops:
D:1 :   D:4 =


Innate Abilities, Weirdness & Mutations

Your life essence is reduced to manifest your ancestor. (-10% HP)
You have a beak for a mouth.
You have claws for feet.
Your magical nature lets you fly swiftly and evasively.


Message History

Cyneburga hits the scorpion with a +0 flail!
Okay, then.
You are confused.
You feel invigorated.
* * * LOW HITPOINT WARNING * * *
You feel sick. The scorpion barely misses you.
The gnoll hits you from afar with a +0 spear.
* * * LOW HITPOINT WARNING * * *
Cyneburga blocks something's attack.
Something hits Cyneburga.
The jackal barely misses you. The scorpion barely misses you.
* * * LOW HITPOINT WARNING * * *
You feel sick.
You bump into the stone wall.
* * * LOW HITPOINT WARNING * * *
You feel sick. The jackal barely misses you. The gnoll completely misses you.
Something hits Cyneburga!
The jackal misses you.
You feel sick.
Cyneburga blocks the scorpion's attack.
Cyneburga barely misses the scorpion.
You hit Cyneburga but do no damage.
Cyneburga is severely damaged.
You feel sick.
The jackal bites you but does no damage.
Cyneburga blocks the scorpion's attack.
The gnoll hits you from afar with a +0 spear.
* * * LOW HITPOINT WARNING * * *
You bump into the stone wall.
You feel sick. The jackal bites you.
* * * LOW HITPOINT WARNING * * *
Cyneburga blocks the scorpion's attack.
Cyneburga hits the scorpion but does no damage.
The gnoll hits you from afar with a +0 spear!
* * * LOW HITPOINT WARNING * * *
The gnoll misses you. The gnoll closely misses you.
The jackal barely misses you.
You feel sick.
The scorpion stings Cyneburga but does no damage.
The jackal bites you but does no damage.
The gnoll hits you from afar with a +0 spear.
* * * LOW HITPOINT WARNING * * *
The gnoll hits you from afar with a +0 spear.
You die...

.##..... #..####
......#.##.†..####
#..#..#.####......
... ... .....>....
#.# #.# #.##......
#.###.###.# #.....
##.##......###.....
#...†.####.........
##.@#### ##.##.....
##gh.# #.##.....
#.g#R# ##..R.....
###.#sg# #..(..####
#....h## #.....#
#.##.## #.....# ...
... #.....# ...
..... #.....# ...
....(.. #.....#


You could see the friendly Cyneburga the knight, a scorpion (ally target), 3
gnolls and 2 jackals.

Vanquished Creatures
  Edmund (D:4)
  A phantom (D:5)
  A scorpion (D:4)
  2 hounds
  A sleepcap (D:5)
  4 gnolls (D:4)
  6 adders
  A worm (D:4)
  2 dart slugs
  4 orcs (D:3)
  7 ball pythons
  4 endoplasms
  A giant cockroach (Temple)
  7 goblins
  9 hobgoblins
  11 jackals
  9 kobolds
  2 quokkas
  2 bats (D:3)
  6 frilled lizards
  6 rats
87 creatures vanquished.

Vanquished Creatures (collateral kills)
  A water moccasin (D:5)
  A jackal (D:5)
2 creatures vanquished.

Grand Total: 89 creatures vanquished

Notes
Turn   | Place    | Note
-------+----------+-------------------------------------------
     0 | D:1      | Aneyh the Tengu Monk began the quest for the Orb.
     0 | D:1      | Reached XP level 1. HP: 14/14 MP: 2/2
   120 | D:1      | Reached XP level 2. HP: 19/19 MP: 3/3
   284 | D:1      | Found Wutziuq's Book Shop.
   685 | D:1      | Reached XP level 3. HP: 22/24 MP: 4/4
   873 | D:2      | Reached skill level 4 in Long Blades
  1031 | D:2      | Reached XP level 4. HP: 26/29 MP: 5/5
  2030 | D:4      | Found a burning altar of Makhleb.
  2038 | D:4      | Found a white marble altar of Elyvilon.
  2090 | D:4      | Gained mutation: Your magical nature lets you fly swiftly
                  | and evasively. [Tengu growth]
  2090 | D:4      | Reached XP level 5. HP: 33/34 MP: 6/6
  2096 | D:4      | Found a staircase to the Ecumenical Temple.
  2123 | Temple   | Entered the Ecumenical Temple
  2281 | Temple   | Became a worshipper of Hepliaklqana the Forgotten
  2281 | Temple   | Reached * piety under Hepliaklqana
  2281 | Temple   | Reached ** piety under Hepliaklqana
  2282 | Temple   | Remembered your ancestor Cyneburga as a knight
  2319 | D:4      | Found Dofrorch's Jewellery Boutique.
  2404 | D:4      | Reached skill level 5 in Long Blades
  2718 | D:4      | Noticed Edmund
  2727 | D:4      | Killed Edmund
  2728 | D:4      | Reached skill level 5 in Fighting
  2728 | D:4      | Reached skill level 6 in Long Blades
  2728 | D:4      | Reached XP level 6. HP: 32/36 MP: 7/7
  2747 | D:4      | Found an opulent altar of Gozag.
  3279 | D:4      | Found a blossoming altar of Fedhas.
  3317 | D:4      | Found a basalt altar of Yredelemnul.
  3417 | D:5      | Entered Level 5 of the Dungeon
  3521 | D:5      | Noticed a water moccasin
  3528 | D:5      | Killed a water moccasin
  3529 | D:5      | Reached XP level 7. HP: 22/40 MP: 8/8
  3533 | D:5      | Reached skill level 7 in Long Blades
  3646 | D:5      | HP: 1/41 [gnoll/+0 spear (3)]
  3653 | D:5      | HP: 2/41 [gnoll/+0 spear (4)]
  3653 | D:5      | Slain by a gnoll

Illustrated notes

Levels and vault maps discovered:
D:1:      lemuel_arrival_hallway, layout_loops_ring, serial_shops, shop,
          lemuel_flame_loot_1
D:2:      layout_rooms, grunt_ministairs_2
D:3:      layout_basic
D:4:      layout_basic, mainiacjoe_overflow_large_starburst,
          mainiacjoe_overflow_two_lobes, grunt_gozag_breadcrumbs,
          minmay_temple_entry_offerings, serial_shops,
          nicolae_shop_hallway_plus, uniq_edmund
D:5:      layout_rooms
Temple:   minmay_temple_bridge_d

Skill      XL: |  1  2  3  4  5  6  7 |
---------------+----------------------+-----
Fighting       | 4 5 6 |  6.0
Long Blades    | 4 6 7 |  7.2
Dodging        | |  3.2

Action                     |  1- 3 |  4- 6 |  7- 9 || total
---------------------------+-------+-------+-------++-------
  Melee: Falchion          |    74 |    99 |    16 ||   189
         Peck              |    13 |    18 |     5 ||    36
         Kick              |     9 |    35 |     8 ||    52
 Invoke: Ancestor Life: Kn |       |     1 |       ||     1
    Use: Potion            |       |       |     1 ||     1
   Stab: Sleeping          |     1 |       |       ||     1
 Armour: Robe              |     9 |    18 |     3 ||    30
  Dodge: Dodged            |    53 |    77 |    20 ||   150

Table legend: (Time is in decaauts)
 A = Elapsed time spent in this place.
 B = Non-inter-level travel time spent in this place.
 C = Inter-level travel time spent in this place.
 D = Time resting spent in this place.
 E = Time spent auto-exploring this place.
 F = Levels seen in this place.
 G = Mean time per level.
                   A        B        C        D        E       F      G
               +--------+--------+--------+--------+--------+-----+--------+
         Total |   3544 |   3310 |    234 |      0 |   2753 |   6 |  590.7 |
       Dungeon |   3380 |   3182 |    198 |      0 |   2644 |   5 |  676.0 |
        Temple |    163 |    127 |     36 |      0 |    108 |   1 |  163.0 |
               +--------+--------+--------+--------+--------+-----+--------+

Top non-repeatable levels by time:
     D:4: 1124 daAuts
     D:1: 790 daAuts
     D:3: 645 daAuts
     D:2: 596 daAuts
     D:5: 223 daAuts
  Temple: 163 daAuts
